 Dungeon Crawl Stone Soup version 0.32-a0-876-gcfddb08e57 (webtiles) character file.

Game seed: 13399768423692981283

2123 Skryme the Ruffian (level 9, 0/68 HPs)
             Began as a Gnoll Shapeshifter on Apr 1, 2024.
             Was a Follower of Cheibriados.
             Slain by a kobold brigand
             ... wielding a +0 dagger
              (5 damage)
             ... on level 6 of the Dungeon.
             The game lasted 00:11:35 (6223 turns).

Skryme the Ruffian (Gnoll Shapeshifter)             Turns: 6223, Time: 00:11:35

Health: 0/68       AC: -4    Str: 14    XL:     9   Next: 29%
Magic:  15/15      EV: 17    Int: 26    God:    Cheibriados [*.....]
Gold:   466        SH:  0    Dex: 13    Spells: 16/16 levels left

rFire   + .          .
                       - Unarmed
rCold   . . .        (shield currently unavailable)
rNeg    . . .        s - melded +6 leather armour of the Lair of Beasts {rElec}
rPois   .            k - +0 helmet
rElec   .            (no cloak)
rCorr   .            m - +0 pair of gloves
SInv    .            J - +0 pair of boots
Will    .....        (no amulet)
Stlth   +            p - +6 ring of intelligence
HPRegen 0.31/turn    B - ring of protection from fire
MPRegen 0.14/turn

%: no passive effects
@: flux-form, corroded, glowing, very slow
A: glow, contaminating, fangs 1, strong nose, distributed training, claws 1,
clever 1, inability to read after injury 1
a: Begin Untransformation, Renounce Religion, Bend Time


You were on level 6 of the Dungeon.
You worshipped Cheibriados.
Cheibriados was aware of your devotion.
You were something dangerously unstable.
You visited 2 branches of the dungeon, and saw 7 of its levels.
You also visited: Ossuary.

You collected 466 gold pieces.

Inventory:

Hand Weapons
 e - a +0 short sword
 g - a +3 mace
 h - a +3 whip of venom
 i - a +0 dagger of protection
 o - a +1 vampiric short sword
 r - a +1 sling of flaming
 u - a +0 dagger of draining
 y - a +1 spear of venom
Missiles
 x - a throwing net (quivered)
Armour
 f - a +0 scale mail
 k - a +0 helmet (worn)
 m - a +0 pair of gloves (worn)
 s - the +6 leather armour of the Lair of Beasts (melded) {rElec}
   (You found it on level 3 of the Dungeon)

   rElec:     It insulates you from electricity.
 J - a +0 pair of boots (worn)
Magical Staves
 n - a staff of cold
Jewellery
 p - a +6 ring of intelligence (left hand)
 B - a ring of protection from fire (right hand)
Talismans
 c - a beast talisman
 d - a flux talisman (active)
 C - a serpent talisman
Wands
 q - a wand of polymorph (9)
 t - a wand of flame (12)
Scrolls
 a - 2 scrolls of immolation
 l - 2 scrolls of fog
 w - 3 scrolls of teleportation
 z - a scroll of revelation
 A - 2 scrolls of blinking
 G - a scroll of torment
 H - a scroll of enchant weapon
Potions
 b - 3 potions of lignification
 j - 5 potions of cancellation
 v - a potion of berserk rage {unknown}
 D - a potion of enlightenment
 F - a potion of attraction
 I - a potion of degeneration


   Skills:
 + Level 5.0 Fighting
 + Level 4.2 Short Blades
 + Level 4.2 Long Blades
 + Level 4.2 Axes
 + Level 4.2 Maces & Flails
 + Level 4.2 Polearms
 + Level 4.2 Staves
 + Level 4.2 Ranged Weapons
 + Level 4.2 Throwing
 + Level 4.2 Armour
 + Level 6.3 Dodging
 + Level 4.2 Stealth
 + Level 4.2 Shields
 + Level 7.9 Unarmed Combat
 + Level 4.2 Spellcasting
 + Level 3.5 Conjurations
 + Level 3.5 Hexes
 + Level 3.5 Summonings
 + Level 3.5 Necromancy
 + Level 3.5 Translocations
 + Level 3.5 Fire Magic
 + Level 3.5 Ice Magic
 + Level 3.5 Air Magic
 + Level 3.5 Earth Magic
 + Level 3.5 Alchemy
 + Level 4.7 Invocations
 + Level 4.2 Evocations
 + Level 7.6 Shapeshifting


You had 16 spell levels left.
You didn't know any spells.
Your spell library contained the following spells:

 Spells                   Type           Power      Damage    Failure   Level
 Teleport Other           Tloc           23%        N/A       6%          3
 Dispersal                Tloc           11%        N/A       97%         6
 Gell's Gavotte           Tloc           11%        2d(16-24) 97%         6


Dungeon Overview and Level Annotations

Branches:
Dungeon (6/15)             Temple (1/1) D:5         Ossuary (visited)

Altars:
Ashenzari
Cheibriados
Fedhas
Gozag
Kikubaaqudgha
Makhleb
Nemelex Xobeh
Okawaru
Ru
Sif Muna
Trog
Wu Jian
Xom
Yredelemnul
Zin

Shops:
D:4 [


Innate Abilities, Weirdness & Mutations

You are something dangerously unstable.
You glow with magical radiation, making you easy to see and hit.
Foes you strike become dangerously contaminated with magical radiation.
You are incapable of wielding weapons or throwing items.
You have very sharp teeth.
Your uncanny sense of smell can sniff out nearby items.
Your experience applies equally to all skills.
You have sharp fingernails.
Your mind is acute. (Int +4, Str/Dex -1)
You occasionally lose the ability to read scrolls when taking damage.


Message History

* * * LOW HITPOINT WARNING * * *
Unknown command.
You feel better. The jelly closely misses you.
Unknown command.
You hit the jelly.
You kill the jelly!
Cheibriados appreciates the change of pace.
The kobold throws a stone.
The stone completely misses you.
Unknown command.
You hit the kobold brigand.
The kobold brigand begins to glow.
The kobold brigand is lightly wounded.
The kobold brigand barely misses you.
Unknown command.
You barely miss the kobold brigand.
The kobold brigand is lightly wounded.
The kobold brigand hits you with a +0 dagger.
* * * LOW HITPOINT WARNING * * *
You hit the kobold brigand.
The kobold brigand glows dangerously bright.
The kobold brigand is moderately wounded.
The kobold brigand hits you with a +0 dagger!
* * * LOW HITPOINT WARNING * * *
Unknown command.
You punch the kobold brigand!
The kobold brigand shudders as magic cascades through it!
The kobold brigand twists and deforms.
You bite the kobold brigand.
The kobold brigand is almost dead.
Unknown command.
Unknown command.
You hit the kobold brigand.
The kobold brigand begins to glow.
You bite the kobold brigand, but do no damage.
The kobold brigand is almost dead.
The kobold brigand completely misses you.
Unknown command.
You completely miss the kobold brigand.
The kobold brigand is almost dead.
The kobold brigand hits you with a +0 dagger.
You die...
Cheibriados appreciates the motionlessness of death. "I guess I need a new plaything now."

.#...#
+..[..##..#.#####.#.#.#...
##...# #......#..#.#
#...#.#... .#...#
+......#. #.# #####.# .#
########......#. #.# ∆ J.#
.. .#.#.#........# ..# #
### # .#'#'#........#
###.# ......#######.#
....###
..............#####.......
......###.......pKKK......
......# #.#########.......
####### #.##.....# .......
# #.##.....# ...###. #
#.##.....# #### #
#.##.....# ####
#.##.....#### ...#
#...........### ##.#
####.##.......#


You could see a kobold brigand (contam, misshapen) and 2 kobolds.

Vanquished Creatures
  A water moccasin (D:6)
  2 ice beasts (D:6)
  A black bear (D:5)
  A centaur (D:6)
  2 phantoms
  2 bullfrogs
  4 scorpions
  A howler monkey (D:5)
  A crimson imp (D:5)
  2 orc priests
  A hound (D:5)
  2 jellies
  2 bombardier beetles
  2 gnoll boudas
  6 orc wizards
  6 iguanas
  2 scorpion zombies (D:6)
  8 mummies (Ossuary)
  14 gnolls
  A howler monkey skeleton (D:6)
  7 adders
  A shadow imp (D:4)
  A white imp (D:6)
  3 dart slugs
  A ribbon worm (D:2)
  26 orcs
  3 bats
  14 endoplasms
  4 giant cockroaches
  7 goblins
  8 hobgoblins
  2 jackals (D:4)
  5 quokkas
  7 ball pythons
  A frilled lizard (D:1)
  3 hobgoblin zombies (Ossuary)
  10 kobolds
  3 kobold zombies (Ossuary)
  2 orc zombies (Ossuary)
  7 rats
176 creatures vanquished.

Vanquished Creatures (collateral kills)
  A gnoll (D:4)
1 creature vanquished.

Vanquished Creatures (others)
  An orc (D:5)
1 creature vanquished.

Grand Total: 178 creatures vanquished

Notes
Turn   | Place    | Note
-------+----------+-------------------------------------------
     0 | D:1      | Skryme the Gnoll Shapeshifter began the quest for the Orb.
     0 | D:1      | Reached XP level 1. HP: 17/17 MP: 1/1
   166 | D:1      | Reached XP level 2. HP: 20/23 MP: 2/2
   526 | D:1      | Reached XP level 3. HP: 28/28 MP: 3/3
   565 | D:1      | Reached skill level 1 in Invocations
  1075 | D:2      | Reached skill level 1 in Short Blades
  1075 | D:2      | Reached skill level 1 in Long Blades
  1075 | D:2      | Reached skill level 1 in Axes
  1075 | D:2      | Reached skill level 1 in Maces & Flails
  1075 | D:2      | Reached skill level 1 in Polearms
  1075 | D:2      | Reached skill level 1 in Staves
  1075 | D:2      | Reached skill level 1 in Ranged Weapons
  1075 | D:2      | Reached skill level 1 in Throwing
  1075 | D:2      | Reached skill level 1 in Armour
  1075 | D:2      | Reached skill level 1 in Stealth
  1075 | D:2      | Reached skill level 1 in Shields
  1075 | D:2      | Reached skill level 1 in Spellcasting
  1075 | D:2      | Reached skill level 1 in Evocations
  1083 | D:2      | Reached XP level 4. HP: 34/34 MP: 5/5
  1093 | D:2      | Reached skill level 1 in Conjurations
  1093 | D:2      | Reached skill level 1 in Hexes
  1093 | D:2      | Reached skill level 1 in Summonings
  1093 | D:2      | Reached skill level 1 in Necromancy
  1093 | D:2      | Reached skill level 1 in Translocations
  1093 | D:2      | Reached skill level 1 in Fire Magic
  1093 | D:2      | Reached skill level 1 in Ice Magic
  1093 | D:2      | Reached skill level 1 in Air Magic
  1093 | D:2      | Reached skill level 1 in Earth Magic
  1093 | D:2      | Reached skill level 1 in Alchemy
  1170 | D:2      | Found a shimmering altar of Xom.
  1181 | D:2      | Became a worshipper of Xom of Chaos
  1343 | D:2      | XOM: silly message
  1349 | D:2      | XOM: cloud trail
  1631 | D:2      | Found a faded altar of an unknown god.
  1753 | D:2      | Reached XP level 5. HP: 34/40 MP: 7/7
  2018 | D:3      | XOM: butterfly on damage
  2230 | D:3      | XOM: polymorph goblin -> kobold
  2257 | D:3      | Identified the +6 leather armour of the Lair of Beasts
                  | {rElec}
  2328 | D:3      | XOM: smoke on damage
  2417 | D:3      | XOM is BORED!
  2417 | D:3      | XOM: noise
  2434 | D:3      | Found an opulent altar of Gozag.
  2434 | D:3      | Found a sparkling altar of Nemelex Xobeh.
  2552 | D:3      | Reached XP level 6. HP: 31/47 MP: 8/8
  2575 | D:3      | Found an ancient bone altar of Kikubaaqudgha.
  2900 | D:4      | Reached skill level 5 in Dodging
  3003 | D:4      | XOM: divination: detect items
  3087 | D:4      | XOM: silly message
  3284 | D:4      | Found Nuqoopug's Antique Armour Boutique.
  3315 | D:4      | XOM: smoke on damage
  3319 | D:4      | Reached XP level 7. HP: 35/52 MP: 10/10
  3431 | D:4      | XOM: enchant monster (bad)
  3443 | D:4      | XOM: summons friendly quasit
  3948 | D:4      | XOM is BORED!
  3953 | D:5      | Entered Level 5 of the Dungeon
  4009 | D:5      | XOM: noise
  4014 | D:5      | XOM: smoke on damage
  4028 | D:5      | Reached XP level 8. HP: 40/60 MP: 12/12
  4099 | D:5      | XOM: 3-stop teleportation journey
  4291 | D:5      | Found a staircase to the Ecumenical Temple.
  4315 | D:5      | XOM: destruction
  4337 | Temple   | Entered the Ecumenical Temple
  4456 | Temple   | Fell from the grace of Xom
  4456 | Temple   | Became a worshipper of Cheibriados the Contemplative
  4523 | D:5      | Found a blossoming altar of Fedhas.
  4740 | D:5      | Found a burning altar of Makhleb.
  4863 | D:5      | XOM: give mutations
  4863 | D:5      | Gained mutation: You have sharp fingernails. [Xom's
                  | mischief]
  4863 | D:5      | Gained mutation: You are partially covered in large bone
                  | plates. (SH +4) [Xom's mischief]
  4863 | D:5      | Gained mutation: You occasionally lose the ability to read
                  | scrolls when taking damage. [Xom's mischief]
  4884 | D:5      | Found a shimmering blue altar of Sif Muna.
  5315 | D:6      | Found a sand-covered staircase.
  5329 | Ossuary  | Entered an ossuary
  5694 | Ossuary  | XOM: 2-stop teleportation journey
  5746 | D:6      | Reached XP level 9. HP: 66/66 MP: 14/14
  5832 | D:6      | XOM: give mutations
  5832 | D:6      | Lost mutation: You are partially covered in large bone
                  | plates. (SH +4) [Xom's mischief]
  5832 | D:6      | Gained mutation: Your mind is acute. (Int +4, Str/Dex -1)
                  | [Xom's mischief]
  6057 | D:6      | Reached skill level 5 in Fighting
  6173 | D:6      | Reached * piety under Cheibriados
  6223 | D:6      | Slain by a kobold brigand

Illustrated notes

Levels and vault maps discovered:
D:1:      lemuel_arrival_muddy, layout_basic, grunt_decor_resistance
D:2:      layout_basic, shapermc_ecumenical_altar_flowoftime, basic_altar
D:3:      layout_loops_ring, grunt_temple_overflow_opulence, lemuel_tele_altar
D:4:      layout_rooms, serial_shops, shop, nrook_campfire, minmay_diced_spiral
D:5:      layout_loops_ring, fedhas_altar_2, makhleb_grotto_becter,
          kennysheep_orc_sif_temple, minmay_temple_entry_slanted
D:6:      layout_basic, nicolae_tso_carved_into_rock,
          worldfamousw_hep_ancestral_shrine,
          mainiacjoe_ossuary_entry_find_the_door
Temple:   grunt_temple_mini_profane

Skill      XL: |  1  2  3  4  5  6  7  8  9 |
---------------+----------------------------+-----
Invocations    | 1 2 3 4 |  4.7
Short Blades   | 1 2 3 4 |  4.2
Long Blades    | 1 2 3 4 |  4.2
Axes           | 1 2 3 4 |  4.2
Maces & Flails | 1 2 3 4 |  4.2
Polearms       | 1 2 3 4 |  4.2
Staves         | 1 2 3 4 |  4.2
Ranged Weapons | 1 2 3 4 |  4.2
Throwing       | 1 2 3 4 |  4.2
Armour         | 1 2 3 4 |  4.2
Stealth        | 1 2 3 4 |  4.2
Shields        | 1 2 3 4 |  4.2
Spellcasting   | 1 2 3 4 |  4.2
Evocations     | 1 2 3 4 |  4.2
Conjurations   | 1 2 3 |  3.5
Hexes          | 1 2 3 |  3.5
Summonings     | 1 2 3 |  3.5
Necromancy     | 1 2 3 |  3.5
Translocations | 1 2 3 |  3.5
Fire Magic     | 1 2 3 |  3.5
Ice Magic      | 1 2 3 |  3.5
Air Magic      | 1 2 3 |  3.5
Earth Magic    | 1 2 3 |  3.5
Alchemy        | 1 2 3 |  3.5
Fighting       | 3 4 5 |  5.0
Dodging        | 5 6 |  6.3
Unarmed Combat | 7 |  7.9
Shapeshifting  | 7 |  7.6

Action                     |  1- 3 |  4- 6 |  7- 9 || total
---------------------------+-------+-------+-------++-------
  Melee: Unarmed           |    70 |   220 |   297 ||   587
         Bite              |     4 |    23 |    38 ||    65
Ability: Begin Untransform |       |     2 |       ||     2
    Use: Potion            |     2 |     5 |     1 ||     8
         Scroll            |       |     5 |     7 ||    12
   Stab: Distracted        |       |       |     1 ||     1
         Sleeping          |       |       |     1 ||     1
 Armour: Scale mail        |    43 |     6 |       ||    49
         Skin              |    34 |   158 |    91 ||   283
  Dodge: Dodged            |    36 |   129 |   176 ||   341
  Block: Other             |       |       |    10 ||    10
   Form: Flux              |       |     2 |       ||     2

Table legend: (Time is in decaauts)
 A = Elapsed time spent in this place.
 B = Non-inter-level travel time spent in this place.
 C = Inter-level travel time spent in this place.
 D = Time resting spent in this place.
 E = Time spent auto-exploring this place.
 F = Levels seen in this place.
 G = Mean time per level.
                   A        B        C        D        E       F      G
               +--------+--------+--------+--------+--------+-----+--------+
         Total |   6476 |   6292 |    184 |    646 |   4096 |   8 |  809.5 |
       Dungeon |   5887 |   5750 |    137 |    458 |   4096 |   6 |  981.2 |
        Temple |    151 |    105 |     46 |     90 |      0 |   1 |  151.0 |
       Ossuary |    437 |    437 |      0 |     98 |      0 |   1 |  437.0 |
               +--------+--------+--------+--------+--------+-----+--------+

Top non-repeatable levels by time:
     D:5: 1251 daAuts
     D:3: 1117 daAuts
     D:1: 984 daAuts
     D:4: 917 daAuts
     D:2: 895 daAuts
     D:6: 721 daAuts
 Ossuary: 437 daAuts
  Temple: 151 daAuts
